 Dungeon Crawl Stone Soup version 0.21.1-1-g345015f (webtiles) character file.

112 ubername the Skirmisher (level 4, -5/52 HPs)
             Began as a Demonspawn Abyssal Knight on Apr 13, 2018.
             Was a Believer of Lugonu.
             Killed by divine providence
             ... invoked by an orc priest
              (7 damage)
             ... on level 3 of the Dungeon.
             The game lasted 00:06:22 (2653 turns).

ubername the Skirmisher (Demonspawn Abyssal Knight) Turns: 2653, Time: 00:06:22

Health: -5/52      AC: 22    Str: 12    XL:     4   Next: 63%
Magic:  6/6        EV:  2    Int: 14    God:    Lugonu [**....]
Gold:   178        SH:  0    Dex: 13    Spells: 3/3 levels left

rFire    + . .     SeeInvis .   l - +0 flail
rCold    . . .     Gourm    .   (no shield)
rNeg     + + +     Faith    .   (armour currently unavailable)
rPois    +         Spirit   .   (helmet currently unavailable)
rElec    .         Reflect  .   (cloak currently unavailable)
rCorr    .         Harm     .   (gloves currently unavailable)
MR       .....     NoTele   +   (boots currently unavailable)
Stlth    +.........             (no amulet)
HPRegen  0.17/turn              j - ring of protection from fire
MPRegen  0.10/turn              (no ring)

@: tree-form (expiring)
A: no striking features
a: Depart the Abyss, Bend Space, Renounce Religion


You were on level 3 of the Dungeon.
You worshipped Lugonu.
Lugonu was pleased with you.
You were not hungry.
You were a tree.
You visited 1 branch of the dungeon, and saw 3 of its levels.
You visited the Abyss 1 time.

You collected 178 gold pieces.

Inventory:

Hand Weapons
 h - a +0 dagger
 k - a +0 hunting sling
 l - a +0 flail (weapon)
 o - a +0 short sword
Missiles
 g - 45 stones (quivered)
 m - 25 sling bullets
Armour
 b - a +0 chain mail (melded)
 i - a scarf of spirit shield (melded)
Jewellery
 j - a ring of protection from fire (left branch)
Wands
 a - a wand of acid (8)
Scrolls
 d - a scroll of remove curse
 e - 5 scrolls of identify
Potions
 n - a potion of lignification
Comestibles
 c - 2 rations
 f - 4 chunks of flesh


   Skills:
 + Level 3.5 Fighting
 + Level 2.6 Maces & Flails
 + Level 2.9 Armour
 + Level 1.7 Dodging
 + Level 0.1 Stealth
 + Level 2.8 Invocations


You had 3 spell levels left.
You didn't know any spells.

Dungeon Overview and Level Annotations

Branches:
Dungeon (3/15)

Altars:


Innate Abilities, Weirdness & Mutations

((You have sharp fingernails.))
((Your movements are slightly less encumbered by armour. (ER -2)))


Message History

* * * LOW HITPOINT WARNING * * *
The orc hits you with a hand axe.
* * * LOW HITPOINT WARNING * * *
The bat hits you but does no damage. The kobold hits you but does no damage.
The orc priest hits you but does no damage.
The orc hits you but does no damage.
You hear some strange, mumbled words.
A puff of flame appears from out of thin air!
Helpless, you fail to dodge the puff of flame.
Okay, then.
It was a potion of flight.
Your roots keep you in place.
The kobold barely misses you. The orc priest hits you with a dagger.
* * * LOW HITPOINT WARNING * * *
The bat hits you but does no damage. Something hits you but does no damage.
The orc hits you but does no damage.
There are monsters nearby!
The bat hits you but does no damage.
The orc priest invokes the aid of Beogh against you.
Beogh smites you!
You die...

.........###.#######
(.####.......)...#
......>......#####
..<..##......#
.............#
............#
..#...b.....#
#..Ko.....###
#.oo♣.......#
#...###.....# #...
#.....# #... #.....#
#... #.....# #...
#.....# #### #.....#
#.....# #######


You could see 2 orc priests, an orc, a bat and a kobold.

Vanquished Creatures
  5 adders
  A worm (D:3)
  A dart slug (D:1)
  2 leopard geckos
  5 orcs (D:3)
  4 giant cockroaches
  5 goblins
  6 hobgoblins
  A quokka (D:2)
  A ball python (D:1)
  8 bats
  5 kobolds
  11 rats
55 creatures vanquished.

Notes
Turn   | Place    | Note
-------+----------+-------------------------------------------
     0 | Abyss:1  | ubername the Demonspawn Abyssal Knight began the quest for the Orb.
     0 | Abyss:1  | Reached XP level 1. HP: 18/18 MP: 2/2
     0 | D:1      | Escaped the Abyss
    57 | D:1      | Reached skill level 1 in Dodging
    68 | D:1      | Reached * piety under Lugonu
   183 | D:1      | Gained mutation: You have sharp fingernails. [demonic ancestry]
   183 | D:1      | Reached XP level 2. HP: 20/24 MP: 3/3
   897 | D:1      | Gained mutation: Your movements are slightly less encumbered by armour. (ER -2) [demonic ancestry]
   897 | D:1      | Reached XP level 3. HP: 26/29 MP: 3/5
  2123 | D:3      | Reached XP level 4. HP: 30/35 MP: 6/6
  2227 | D:3      | Reached ** piety under Lugonu
  2652 | D:3      | HP: 2/52 [orc priest/dagger (4)]
  2653 | D:3      | Killed from afar by an orc priest

Skill      XL: |  1  2 |
---------------+-------+-----
Dodging        | 1 |  1.7
Armour         | 2 |  2.9
Maces & Flails | 2 |  2.6
Fighting       | |  3.5
Stealth        | |  0.1
Invocations    | |  2.8

Action                   |  1- 3 |  4- 6 || total
-------------------------+-------+-------++-------
Melee: Mace              |   123 |    48 ||   171
Invok: Depart the Abyss  |     1 |       ||     1
  Use: Scroll            |     4 |     1 ||     5
       Potion            |       |     4 ||     4
  Eat: Ration            |     1 |       ||     1
       Chunk             |       |     2 ||     2
Armor: Leather armour    |    33 |       ||    33
       Ring mail         |    29 |     3 ||    32
       Skin              |       |    47 ||    47
       Chain mail        |       |    20 ||    20
Dodge: Dodged            |    75 |    21 ||    96
